 Dungeon Crawl Stone Soup version 0.27-a0-909-g0721f309d1 (webtiles) character file.

Game seed: 2401322143548298768

9737 littlecub the Grappler (level 11, -7/101 HPs)
             Began as a Troll Fighter on Apr 8, 2021.
             Was a Priest of Hepliaklqana.
             Mangled by a five-headed hydra (15 damage)
             ... on level 9 of the Dungeon.
             The game lasted 00:13:26 (6532 turns).

littlecub the Grappler (Troll Fighter)              Turns: 6532, Time: 00:13:27

Health: -7/101     AC:  6    Str: 35    XL:     11   Next: 27%
Magic:  14/14      EV: 29    Int:  4    God:    Hepliaklqana [***...]
Gold:   388        SH: 11    Dex:  9    Spells: 10/10 levels left

rFire    . . .     SeeInvis .   H - +3 scimitar (flame)
rCold    . . .     Faith    .   b - +0 kite shield
rNeg     + . .     Spirit   .   F - +2 robe {rN+}
rPois    .         Reflect  .   (helmet restricted)
rElec    .         Harm     .   (no cloak)
rCorr    .         Rampage  .   (gloves unavailable)
Will     .....                  (boots unavailable)
Stlth    +.........             r - amulet of the acrobat
HPRegen  1.26/turn              e - +4 ring of evasion
MPRegen  0.14/turn              x - +6 ring of strength

@: acrobatic
A: reduced essence, large, unfitting armour, claws 3, regeneration 1, shaggy fur
1, tough skin 1
a: Renounce Religion, Recall Ancestor, Ancestor Identity, Transference


You were on level 9 of the Dungeon.
You worshipped Hepliaklqana.
Hepliaklqana was most pleased with you.
You visited 1 branch of the dungeon, and saw 9 of its levels.
You also visited: Sewer and Ossuary.

You collected 549 gold pieces.
You spent 161 gold pieces at shops.

Inventory:

Hand Weapons
 H - a +3 scimitar of flaming (weapon)
Missiles
 q - 7 atropa-tipped darts (quivered)
 I - 3 curare-tipped darts
Armour
 b - a +0 kite shield (worn)
 F - a +2 robe of positive energy (worn)
Jewellery
 e - a +4 ring of evasion (left claw)
 k - the ring "Waimew" {Contam rPois rF- Dex+8 SInv}
   (You found it on level 7 of the Dungeon)

   [ring of poison resistance]

   It affects your dexterity (+8).
   It makes you vulnerable to fire.
   It protects you from poison.
   It lets you see invisible.
   It causes magical contamination when unequipped.
 r - an amulet of the acrobat (around neck)
 v - a +6 ring of dexterity
 x - a +6 ring of strength (right claw)
Wands
 d - a wand of iceblast (8)
 E - a wand of acid (26)
 G - a wand of digging (11)
Scrolls
 a - a scroll of amnesia
 j - a scroll of vulnerability
 l - 3 scrolls of fear
 m - a scroll of brand weapon
 o - 2 scrolls of enchant armour
 p - a scroll of magic mapping
 t - 3 scrolls of teleportation
 u - 6 scrolls of fog
 y - 2 scrolls of summoning
 A - a scroll of enchant weapon
Potions
 c - 5 potions of might
 f - 11 potions of heal wounds {unknown}
 g - a potion of resistance {unknown}
 h - 5 potions of brilliance {unknown}
 i - 9 potions of curing {unknown}
 n - a potion of invisibility {unknown}
 s - 3 potions of attraction {unknown}
 w - 2 potions of lignification {unknown}
 z - a potion of mutation {unknown}
 B - a potion of ambrosia {unknown}
 C - 3 potions of degeneration {unknown}
 D - a potion of berserk rage {unknown}
 J - a potion of haste {unknown}


   Skills:
 * Level 8.4 Fighting
 + Level 6.2 Dodging
 + Level 6.1 Shields
 * Level 9.9 Unarmed Combat
 + Level 5.8 Invocations


You had 10 spell levels left.
You didn't know any spells.
Your spell library contained the following spells:

 Spells                   Type           Power      Damage    Failure   Level
 Animate Skeleton         Necr           0%         N/A       71%         1
 Apportation              Tloc           0%         N/A       71%         1
 Corona                   Hex            0%         N/A       71%         1
 Sandblast                Erth           0%         2d4       71%         1
 Summon Small Mammal      Summ           0%         N/A       71%         1
 Call Imp                 Summ           0%         N/A       83%         2
 Ensorcelled Hibernation  Hex/Ice        0%         N/A       83%         2
 Passwall                 Tmut/Erth      0%         N/A       83%         2
 Call Canine Familiar     Summ           0%         N/A       97%         3
 Confusing Touch          Hex            0%         N/A       97%         3
 Dazzling Flash           Conj/Hex       0%         N/A       97%         3
 Gell's Gravitas          Tloc           0%         N/A       97%         3
 Stone Arrow              Conj/Erth      0%         3d7       97%         3
 Summon Guardian Golem    Hex/Summ       0%         N/A       97%         3
 Tukima's Dance           Hex            0%         N/A       97%         3
 Petrify                  Tmut/Erth      0%         N/A       100%        4
 Summon Ice Beast         Ice/Summ       0%         N/A       100%        4
 Summon Lightning Spire   Summ/Air       0%         N/A       100%        4
 Lee's Rapid Deconstruct  Erth           0%         3d5*      100%        5
 Metabolic Englaciation   Hex/Ice        0%         N/A       100%        5
 Yara's Violent Unravell  Hex/Tmut       0%         3d3       100%        5


Dungeon Overview and Level Annotations

Branches:
Dungeon (9/15)             Temple (0/1) D:4            Lair (0/6) D:8
  Sewer (visited)         Ossuary (visited)
    Orc: D:9-12

Altars:
Gozag
Hepliaklqana
Uskayaw
Vehumet
Xom

Shops:
D:8 [

Annotations:
D:8 exclusion: statue
D:9 exclusion: ice statue


Innate Abilities, Weirdness & Mutations

Your life essence is reduced to manifest your ancestor. (-10% HP)
You are too large for most types of armour.
You have claws for hands.
Your natural rate of healing is unusually fast.
You are covered in fur. (AC +1)
You have tough skin. (AC +1)


Message History

You block the six-headed hydra's attack.
The six-headed hydra closely misses you.
The six-headed hydra bites you.
The six-headed hydra closely misses you.
You are already empty-clawed.
Your +3 scimitar of flaming bursts into flame!
H - a +3 scimitar of flaming (weapon)
The six-headed hydra bites you.
You block the six-headed hydra's attack.
The six-headed hydra bites you!
You block the six-headed hydra's attack.
The six-headed hydra bites you. The six-headed hydra bites you!
You slice one of the six-headed hydra's heads off!
The flame cauterises the wound!
You slash the five-headed hydra! You burn the five-headed hydra.
The five-headed hydra is moderately wounded.
The five-headed hydra bites you.
You block the five-headed hydra's attack.
The five-headed hydra bites you! x2
* * * LOW HITPOINT WARNING * * *
The five-headed hydra bites you but does no damage.
You block the five-headed hydra's attack.
The five-headed hydra bites you!
* * * LOW HITPOINT WARNING * * *
The five-headed hydra barely misses you. x2
The five-headed hydra bites you!
* * * LOW HITPOINT WARNING * * *
You are too injured to fight recklessly!
Okay, then.
The five-headed hydra misses you.
The five-headed hydra closely misses you.
The five-headed hydra barely misses you.
You block the five-headed hydra's attack. x2
You feel yourself speed up.
A howler monkey zombie comes into view.
The five-headed hydra completely misses you.
The five-headed hydra bites you!
* * * LOW HITPOINT WARNING * * *
The five-headed hydra bites you!
You die...

...##$.....##....#######.#######
..##..####.)##..≈.## #.## ≈##..#
##.)##≈...# #..# .#..#
##..#...≈# ##.# )#8. #.8#^≈≈.#
#^# ≈# #..#≈...# #.# ≈#
#...≈...# #.# .# #.8#D≈≈.# #.#
.# #..#.@.≈######.# ≈##
#$.##≈...#).....# ..##
#..##^.≈.######### ...##
..^##...[## #.^≈###Z.###≈).###
###...####...### ###......###
########


You could see a five-headed hydra.

Vanquished Creatures
  4 two-headed ogres (D:9)
  A komodo dragon (D:8)
  A freezing wraith (D:9)
  2 trolls (D:9)
  A wyvern (D:8)
  7 yaks
  Eustachio (D:6)
  2 steam dragons (D:8)
  2 water moccasins
  2 orc warriors (D:9)
  2 necrophages
  An ogre (D:6)
  2 centaurs (D:9)
  2 kobold brigands
  3 bullfrogs
  4 water moccasin zombies
  4 killer bees (D:9)
  5 wights (D:8)
  2 howler monkeys
  2 bullfrog zombies (Ossuary)
  8 centaur zombies
  3 orc priests
  2 hounds
  A centaur skeleton (D:7)
  5 iguanas
  Natasha (thrice) (D:2)
  A scorpion zombie (D:5)
  3 killer bee zombies
  A hound skeleton (D:3)
  10 mummies
  A howler monkey zombie (Ossuary)
  2 gnolls (D:6)
  A howler monkey skeleton (D:7)
  10 adders
  2 shadow imps
  2 ufetubi
  A worm (D:3)
  4 dart slugs
  4 orcs
  4 endoplasms
  4 giant cockroaches
  6 goblins
  4 hobgoblins
  3 jackals (D:4)
  A quokka (D:3)
  6 ball pythons
  5 bats
  A frilled lizard (D:2)
  19 kobolds
  2 rats
169 creatures vanquished.

Vanquished Creatures (collateral kills)
  Erica (D:9)
  2 yaks
  A hornet zombie (D:7)
  2 black bears
  A bullfrog (D:6)
  A water moccasin zombie (Ossuary)
  A killer bee (D:9)
  3 howler monkeys
  A bullfrog zombie (Ossuary)
  A hound (D:6)
  An iguana (D:6)
  3 mummies (Ossuary)
  An orc wizard (D:8)
  2 gnolls (D:6)
  An adder (D:5)
  An orc (D:6)
  2 hobgoblins (D:4)
  3 ball pythons (Sewer)
  A bat (Sewer)
  7 kobolds
  A rat (Sewer)
37 creatures vanquished.

Vanquished Creatures (others)
  2 hexers
  8 plants
  6 withered plants (Ossuary)
16 creatures vanquished.

Grand Total: 222 creatures vanquished

Notes
Turn   | Place    | Note
-------+----------+-------------------------------------------
     0 | D:1      | littlecub the Troll Fighter began the quest for the Orb.
     0 | D:1      | Reached XP level 1. HP: 22/22 MP: 0/0
   373 | D:1      | Reached XP level 2. HP: 21/29 MP: 1/1
   684 | D:2      | Noticed Natasha
   691 | D:2      | Killed Natasha
   692 | D:2      | Reached XP level 3. HP: 26/36 MP: 2/2
   705 | D:2      | Noticed Natasha
   714 | D:2      | Killed Natasha
   790 | D:2      | Reached skill level 3 in Unarmed Combat
   811 | D:2      | Reached XP level 4. HP: 39/45 MP: 3/3
   828 | D:2      | Noticed Natasha
   834 | D:2      | Killed Natasha
  1524 | D:3      | Found a hazy altar of Hepliaklqana.
  1544 | D:3      | Became a worshipper of Hepliaklqana the Forgotten
  1601 | D:3      | Reached XP level 5. HP: 43/47 MP: 4/4
  1980 | D:3      | Found a faded altar of an unknown god.
  2133 | D:4      | Noticed a necrophage
  2143 | D:4      | Killed a necrophage
  2144 | D:4      | Reached skill level 4 in Unarmed Combat
  2144 | D:4      | Reached XP level 6. HP: 54/55 MP: 5/5
  2163 | D:4      | Reached * piety under Hepliaklqana
  2370 | D:4      | Found a staircase to the Ecumenical Temple.
  2373 | D:4      | Reached skill level 1 in Invocations
  2543 | D:5      | Entered Level 5 of the Dungeon
  2548 | D:5      | Found a glowing drain.
  2582 | Sewer    | Entered a sewer
  2843 | D:5      | Reached ** piety under Hepliaklqana
  2854 | D:5      | Remembered your ancestor MASSIVE CUB as a hexer
  3040 | D:5      | Reached XP level 7. HP: 58/63 MP: 7/7
  3321 | D:6      | Reached skill level 5 in Unarmed Combat
  3443 | D:6      | Noticed Eustachio
  3456 | D:6      | Killed Eustachio
  3457 | D:6      | Reached XP level 8. HP: 71/71 MP: 8/8
  3562 | D:6      | Reached skill level 5 in Fighting
  3874 | D:7      | Reached skill level 6 in Unarmed Combat
  3918 | D:7      | Reached *** piety under Hepliaklqana
  3920 | D:7      | Identified the ring "Waimew" {Contam rPois rF- Dex+8 SInv}
  3925 | D:7      | Found an opulent altar of Gozag.
  3957 | D:7      | Found a sand-covered staircase.
  3967 | Ossuary  | Entered an ossuary
  4086 | Ossuary  | Reached XP level 9. HP: 57/80 MP: 10/10
  4220 | Ossuary  | Reached skill level 7 in Unarmed Combat
  5012 | D:8      | Found Jollem's Armour Shoppe.
  5037 | D:8      | Bought a +2 robe of positive energy for 161 gold pieces
  5119 | D:8      | Noticed a komodo dragon
  5127 | D:8      | Killed a komodo dragon
  5151 | D:8      | Found a staircase to the Lair.
  5167 | D:8      | Reached skill level 5 in Dodging
  5167 | D:8      | Reached skill level 5 in Shields
  5179 | D:8      | Reached skill level 8 in Unarmed Combat
  5200 | D:8      | Reached XP level 10. HP: 49/91 MP: 12/12
  5321 | D:8      | Found a hide-covered altar of Uskayaw.
  5406 | D:8      | Found a radiant altar of Vehumet.
  5686 | D:8      | Found a shimmering altar of Xom.
  5780 | D:9      | Noticed Erica
  5784 | D:9      | Killed Erica
  5850 | D:9      | Noticed a two-headed ogre
  5854 | D:9      | Killed a two-headed ogre
  5855 | D:9      | Reached skill level 9 in Unarmed Combat
  5855 | D:9      | Reached skill level 5 in Invocations
  6039 | D:9      | Noticed a two-headed ogre
  6047 | D:9      | Killed a two-headed ogre
  6405 | D:9      | Reached XP level 11. HP: 92/99 MP: 14/14
  6421 | D:9      | Noticed a two-headed ogre
  6426 | D:9      | Killed a two-headed ogre
  6428 | D:9      | Noticed a two-headed ogre
  6442 | D:9      | Killed a two-headed ogre
  6522 | D:9      | Noticed a six-headed hydra
  6532 | D:9      | Mangled by a five-headed hydra

Illustrated notes

Levels and vault maps discovered:
D:1:      wander_arrival_chamber, layout_loops_ring
D:2:      layout_basic, uniq_natasha
D:3:      layout_loops_ring, overflow_temple_1_default, basic_ecumenical_altar
D:4:      layout_basic, minmay_temple_entry_mini_moons, serial_bayou_crossing
D:5:      layout_gridville, gup_sewer_entry_glass
D:6:      layout_rooms, serial_park_tiny_2, kennysheep_another_room,
          minmay_misc_feat_diagonals, uniq_eustachio
D:7:      layout_loops_ring, lemuel_round_altar, gup_ossuary_entry_pyramid
D:8:      layout_basic, kennysheep_mini, vehumet_statue,
          nicolae_uskayaw_dance_hall, david_lair_shrubbed, serial_shops,
          shop_statue, corexii_leaking_fountain
D:9:      layout_loops_ring, nzn_random_ring, uniq_erica

Skill      XL: |  1  2  3  4  5  6  7  8  9 10 11 |
---------------+----------------------------------+-----
Fighting       | 3 4 5 7 8 |  8.4
Unarmed Combat | 3 4 5 6 8 9 |  9.9
Dodging        | 3 4 5 6 |  6.2
Shields        | 3 4 5 6 |  6.1
Invocations    | 1 2 3 4 5 |  5.8

Action                   |  1- 3 |  4- 6 |  7- 9 | 10-12 || total
-------------------------+-------+-------+-------+-------++-------
Melee: Unarmed           |    69 |   167 |   261 |   112 ||   609
       Scimitar          |       |       |       |     1 ||     1
Invok: Ancestor Identity |       |     1 |       |       ||     1
       Ancestor Life: He |       |     1 |       |       ||     1
Evoke: Wand              |       |       |     2 |     1 ||     3
  Use: Scroll            |       |       |     9 |     2 ||    11
 Stab: Sleeping          |     1 |     1 |       |       ||     2
       Distracted        |       |       |     4 |       ||     4
       Confused          |       |       |     1 |     1 ||     2
Armor: Robe              |    10 |    28 |    39 |    16 ||    93
Dodge: Dodged            |    12 |    81 |   110 |    70 ||   273
Block: Kite shield       |    42 |    64 |   113 |    59 ||   278

Table legend: (Time is in decaauts)
 A = Elapsed time spent in this place.
 B = Non-inter-level travel time spent in this place.
 C = Inter-level travel time spent in this place.
 D = Time resting spent in this place.
 E = Time spent auto-exploring this place.
 F = Levels seen in this place.
 G = Mean time per level.
                   A        B        C        D        E       F      G
               +--------+--------+--------+--------+--------+-----+--------+
         Total |   6666 |   6399 |    267 |     28 |   5014 |  11 |  606.0 |
       Dungeon |   5993 |   5726 |    267 |     28 |   4642 |   9 |  665.9 |
         Sewer |    273 |    273 |      0 |      0 |    161 |   1 |  273.0 |
       Ossuary |    398 |    398 |      0 |      0 |    211 |   1 |  398.0 |
               +--------+--------+--------+--------+--------+-----+--------+

Top non-repeatable levels by time:
     D:2: 871 daAuts
     D:7: 798 daAuts
     D:8: 769 daAuts
     D:9: 765 daAuts
     D:1: 590 daAuts
     D:6: 566 daAuts
     D:3: 565 daAuts
     D:4: 548 daAuts
     D:5: 517 daAuts
 Ossuary: 398 daAuts
   Sewer: 273 daAuts
